 Dungeon Crawl Stone Soup version 0.23-a0-395-gcf17ac6 (webtiles) character file.

382 BingusPrime the Insei (level 6, -5/48 HPs)
             Began as a Draconian Transmuter on Nov 1, 2018.
             Slain by an orc priest
             ... wielding a +0 long sword
              (6 damage)
             ... on level 4 of the Dungeon.
             The game lasted 00:12:18 (4256 turns).

BingusPrime the Insei (Draconian Transmuter)        Turns: 4256, Time: 00:12:19

Health: -5/48      AC:  6    Str: 10 (12) XL:     6   Next: 47%
Magic:  4/10       EV: 12    Int: 11 (14) God:
Gold:   129        SH:  0    Dex: 11 (13) Spells: 8/11 levels left

rFire    . . .     SeeInvis +     - Unarmed
rCold    . . .     Gourm    .   (no shield)
rNeg     . . .     Faith    .   (armour unavailable)
rPois    .         Spirit   .   (helmet restricted)
rElec    .         Reflect  .   d - scarf {repulsion}
rCorr    .         Harm     .   (no gloves)
MR       .....                  (no boots)
Stlth    ++........             (no amulet)
HPRegen  0.16/turn              g - ring of see invisible
MPRegen  0.12/turn              (no ring)

@: appendage (expiring), flying, very slightly contaminated, repel missiles
A: unfitting armour, horns 2, cold-blooded, AC +6
a: End Transformation


You were on level 4 of the Dungeon.
You were hungry.
You had grown temporary horns.
You visited 1 branch of the dungeon, and saw 6 of its levels.

You collected 129 gold pieces.

Inventory:

Missiles
 a - 36 arrows
Armour
 d - a scarf of repulsion (worn)
 t - a +0 cloak
Jewellery
 g - a ring of see invisible (left hand)
Wands
 p - a wand of iceblast (10)
 u - a wand of digging (9)
Scrolls
 b - a scroll of remove curse
 e - 4 scrolls of identify
 i - a scroll of blinking {unknown}
 j - 2 scrolls of enchant armour {unknown}
 k - 2 scrolls of enchant weapon {unknown}
 m - 2 scrolls of teleportation {unknown}
 n - a scroll of immolation {unknown}
 v - a scroll of fear {unknown}
Potions
 f - 2 potions of lignification
 l - 2 potions of degeneration
 q - a potion of haste {unknown}
 r - a potion of heal wounds {unknown}
 s - a potion of brilliance {unknown}
Comestibles
 c - 9 rations


   Skills:
 + Level 1.7 Fighting
 + Level 2.6 Dodging
 + Level 1.5 Stealth
 * Level 5.4 Unarmed Combat
 + Level 3.2 Spellcasting
 * Level 3.0 Transmutations


You had 8 spell levels left.
You knew the following spells:

 Your Spells              Type           Power        Failure   Level  Hunger
a - Beastly Appendage     Tmut           #.....       8%          1    #......
b - Sticks to Snakes      Tmut           #.......     11%         2    ###....

Your spell library contained the following spells:

 Spells                   Type           Power        Failure   Level  Hunger
 Poisonous Vapours        Pois/Air       #.....       36%         2    ###....
 Spider Form              Tmut/Pois      #.........   38%         3    ###....
 Conjure Flame            Conj/Fire      #.......     61%         3    ###....
 Mephitic Cloud           Conj/Pois/Air  #.......     61%         3    ###....
 Ice Form                 Ice/Tmut       #.......     80%         4    #####..
 Blade Hands              Tmut           #.........   90%         5    ######.
 Freezing Cloud           Conj/Ice/Air   #.........   100%        6    #######
 Ring of Flames           Chrm/Fire      #.........   100%        7    #######


Dungeon Overview and Level Annotations

Branches:
Dungeon (6/15)
 Temple: D:4-7

Altars:
Dithmenos
Uskayaw
Zin

Shops:
D:4 *

Annotations:
D:5 Dowan, Duvessa


Innate Abilities, Weirdness & Mutations

Your plain brown scales are hard. (AC +6)
You cannot fit into any form of body armour.
You are cold-blooded and may be slowed by cold attacks.
You have a pair of horns on your head.


Message History

Your ball python bites the orc wizard but does no damage.
Your ball python constricts the orc wizard.
The orc wizard hits you with a +0 hand axe.
* * * LOW HITPOINT WARNING * * *
The orc wizard hits your ball python with a +0 hand axe.
Your ball python dies!
It was a potion of degeneration.
There was something very wrong with that liquid.
You feel weakened.
You feel dopey.
You feel clumsy. The orc barely misses you.
The orc priest hits you with a +0 long sword.
* * * LOW HITPOINT WARNING * * *
It was a potion of flight.
You feel very buoyant.
You fly up into the air.
The orc wizard hits you but does no damage.
The orc hits you with a +0 flail.
* * * LOW HITPOINT WARNING * * *
The orc priest hits you with a +0 long sword.
You die...

.....##..........#...###...
.......................##..
..............$....##......
#..#.#..............##..... #.
####.................... ##.
###.<.......#......##..#.
#....#.†............#...##....
#.......?.o....##......##.
#........@o..........)##..
##........o..........###..
...!.....###...... #..
...#.....# ...... #..##.....#
..∩.. .#. #...)## ..... .##.
...... .... .... #_#.


You could see an orc priest, an orc wizard and an orc.

Vanquished Creatures
  A bullfrog (D:4)
  A scorpion (D:4)
  A bullfrog skeleton (D:4)
  2 worker ants (D:4)
  Ijyb (D:3)
  4 gnolls (D:2)
  4 adders
  3 oozes
  An adder skeleton (D:4)
  A worm (D:2)
  2 dart slugs
  2 orcs (D:4)
  4 giant cockroaches
  8 hobgoblins
  3 jackals (D:3)
  5 kobolds
  A quokka (D:3)
  A ball python (D:3)
  7 bats
  4 frilled lizards
  10 goblins
  2 rats
68 creatures vanquished.

Vanquished Creatures (collateral kills)
  A worker ant (D:4)
  A leopard gecko (D:2)
2 creatures vanquished.

Grand Total: 70 creatures vanquished

Notes
Turn   | Place    | Note
-------+----------+-------------------------------------------
     0 | D:1      | BingusPrime the Draconian Transmuter began the quest for
                  | the Orb.
     0 | D:1      | Reached XP level 1. HP: 16/16 MP: 3/3
   468 | D:1      | Reached XP level 2. HP: 17/23 MP: 1/5
  1227 | D:2      | Learned a level 2 spell: Sticks to Snakes
  1229 | D:2      | Reached XP level 3. HP: 28/28 MP: 4/6
  1353 | D:2      | Reached skill level 4 in Unarmed Combat
  1364 | D:2      | Reached XP level 4. HP: 17/35 MP: 5/8
  2479 | D:3      | Found a hide-covered altar of Uskayaw.
  2954 | D:3      | Reached skill level 1 in Stealth
  2954 | D:3      | Reached XP level 5. HP: 40/40 MP: 7/9
  2972 | D:3      | Noticed Ijyb
  2990 | D:3      | Killed Ijyb
  3521 | D:3      | You fall through a shaft for 3 floors!
  3521 | D:6      | Found a shadowy altar of Dithmenos.
  3537 | D:6      | Noticed an orc warrior
  3551 | D:5      | Entered Level 5 of the Dungeon
  3553 | D:5      | Noticed Dowan
  3554 | D:5      | Noticed Duvessa
  3564 | D:4      | Reached skill level 5 in Unarmed Combat
  3701 | D:4      | Reached XP level 6. HP: 42/47 MP: 8/10
  4242 | D:4      | Found Zin's Purification Station.
  4249 | D:4      | Found a glowing silver altar of Zin.
  4256 | D:4      | HP: 1/48 [orc/+0 flail (5)]
  4256 | D:4      | Slain by an orc priest

Vault maps used:
D:1:      minmay_arrival_jagged
D:2:      first_ration, kennysheep_generic_room_9
D:3:      kennysheep_goblin_castle, eat_drink_and_be_merry_uskayaw
D:4:      zin_purify, ashenzari_altar_1
D:5:      minmay_temple_entry_crystal_x, serial_shops, shop_statue,
          kennysheep_little_box, uniq_ijyb, uniq_duvessa
D:6:      okawaru_trees_2, overflow_temple_1_default,
          nicolae_dithmenos_through_a_glass_darkly, minmay_misc_feat_columns,
          st_stairs_8, chequers_serial_rivers_large_a, minmay_ogre_servants

Skill      XL: |  1  2  3  4  5  6 |
---------------+-------------------+-----
Dodging        | 2 |  2.6
Unarmed Combat | 4 5 |  5.4
Stealth        | 1 |  1.5
Spellcasting   | 3 |  3.2
Transmutations | 3 |  3.0
Fighting       | |  1.7

Action                   |  1- 3 |  4- 6 || total
-------------------------+-------+-------++-------
Melee: Unarmed           |   106 |   163 ||   269
       Tailslap          |    12 |    14 ||    26
       Kick              |     7 |     8 ||    15
       Punch             |     1 |     2 ||     3
       Headbutt          |     1 |     7 ||     8
 Cast: Beastly Appendage |    18 |    24 ||    42
       Sticks to Snakes  |     1 |     9 ||    10
  Use: Scroll            |       |     3 ||     3
       Potion            |       |     5 ||     5
 Stab: Sleeping          |     1 |     3 ||     4
       Distracted        |       |     2 ||     2
  Eat: Chunk             |     2 |     6 ||     8
       Ration            |       |     1 ||     1
Armor: Skin              |    32 |    50 ||    82
Dodge: Dodged            |    69 |   100 ||   169
       Deflected         |     1 |     2 ||     3

Table legend:
 A = Non-vault XP
 B = Vault XP
 C = Vault XP percentage of total XP
 D = Non-vault monster count
 E = Vault monster count
 F = Vault count percentage of total count
                 A         B        C        D         E       F
            +---------+---------+-------+---------+---------+-------
      Total |     483 |      63 |  11.5 |      57 |      13 |  18.6
            +---------+---------+-------+---------+---------+-------
        D:1 |      24 |       0 |   0.0 |      14 |       0 |   0.0
        D:2 |     138 |       2 |   1.4 |      24 |       1 |   4.0
        D:3 |      29 |      61 |  67.8 |      10 |      12 |  54.5
        D:4 |     292 |       0 |   0.0 |       9 |       0 |   0.0
            +---------+---------+-------+---------+---------+-------
